 Dungeon Crawl Stone Soup version 0.25.1-2-g60ff931df9 (webtiles) character file.

Game seed: 1228597245541258072

224819 DerDa the Warrior (level 19, -4/271 HPs)
             Began as a Hill Orc Monk on Oct 5, 2020.
             Was the Champion of Okawaru.
             Slain by an alligator snapping turtle (25 damage)
             ... on level 3 of the Shoals.
             The game lasted 01:40:48 (39542 turns).

DerDa the Warrior (Hill Orc Monk)                  Turns: 39542, Time: 01:40:48

Health: -4/271     AC: 27    Str: 30    XL:     19   Next: 30%
Magic:  30/35      EV: 25    Int:  2    God:    Okawaru [******]
Gold:   1733       SH: 31    Dex: 17    Spells: 18/18 levels left

rFire    + . .     SeeInvis +   R - +7 war axe of Woatt {vorpal, +Inv rPois rN+ SInv}
rCold    + + .     Gourm    .   X - +8 tower shield {reflect}
rNeg     + + .     Faith    +   W - quicksilver dragon scales
rPois    +         Spirit   .   S - +2 hat {MR+}
rElec    +         Reflect  +   Y - scarf {rC+ rF+}
rCorr    .         Harm     .   Z - +2 pair of gloves of Fanaticism {rC+ MR+ Int-5 Slay+3}
MR       ++++.                  I - +2 pair of boots
Stlth    ..........             E - amulet "Onimiph" {Faith rPois Str+4 Int-5 Dex+4}
HPRegen  0.55/turn              f - ring of Elyojun {*Slow rElec rN+ Str+6 Stlth-}
MPRegen  0.24/turn              h - ring of Sunlight {rPois Slay+2}

@: berserking, heroism, very quick
A: antennae 1, molten scales 1, see invisible, high mp 1
}: 1/15 runes: serpentine
a: Heroism, Finesse, Renounce Religion, Evoke Invisibility


You were on level 3 of the Shoals.
You worshipped Okawaru.
Okawaru was exalted by your worship.
You were not hungry.

You visited 6 branches of the dungeon, and saw 31 of its levels.
You also visited: Sewer, Gauntlet and Ice Cave.

You collected 3222 gold pieces.
You spent 1489 gold pieces at shops.

Inventory:

Hand Weapons
 B - a +0 lajatang of pain
 G - a +3 scimitar of flaming
 R - the +7 war axe of Woatt (weapon) {vorpal, +Inv rPois rN+ SInv}
   (You took it off a minotaur in a Gauntlet)

   It inflicts extra damage upon your enemies.
   It protects you from poison.
   It protects you from negative energy.
   It lets you see invisible.
   It lets you turn invisible.
 V - a +1 fustibalus of flaming
Missiles
 g - 188 sling bullets
 s - 901 bolts
 M - 76 poisoned darts (quivered)
Armour
 e - a scarf of repulsion
 o - a +3 plate armour of fire resistance
 I - a +2 pair of boots (worn)
 J - the +3 chain mail "Ostirpha" {rPois Dex+4}
   (You found it on level 1 of the Shoals)

   It affects your dexterity (+4).
   It protects you from poison.
 S - a +2 hat of magic resistance (worn)
 W - quicksilver dragon scales (worn)
 X - a +8 tower shield of reflection (worn)
 Y - a scarf of resistance (worn)
 Z - the +2 pair of gloves of Fanaticism (worn) {rC+ MR+ Int-5 Slay+3}
   (You found it on level 4 of the Lair of Beasts)

   It affects your intelligence (-5).
   It affects your accuracy and damage with ranged weapons and melee attacks
   (+3).
   It protects you from cold.
   It affects your resistance to hostile enchantments.
Jewellery
 f - the ring of Elyojun (left hand) {*Slow rElec rN+ Str+6 Stlth-}
   (You bought it in a shop on level 1 of the Shoals)

   [ring of positive energy]

   It affects your strength (+6).
   It insulates you from electricity.
   It protects you from negative energy.
   It may slow you when you take damage.
   It makes you less stealthy.
 h - the ring of Sunlight (right hand) {rPois Slay+2}
   (You found it in a Gauntlet)

   [ring of poison resistance]

   It affects your accuracy and damage with ranged weapons and melee attacks
   (+2).
   It protects you from poison.
 t - an uncursed ring of protection from cold
 E - the amulet "Onimiph" (around neck) {Faith rPois Str+4 Int-5 Dex+4}
   (You acquired it on level 2 of the Orcish Mines)

   [amulet of faith]

   It allows you to gain divine favour quickly.
   It affects your strength (+4).
   It affects your intelligence (-5).
   It affects your dexterity (+4).
   It protects you from poison.
 F - a +6 ring of strength
 K - an uncursed ring of protection from fire
Wands
 a - a wand of clouds (15)
 d - a wand of disintegration (15)
 j - a wand of polymorph (17)
 l - a wand of digging (13)
 y - a wand of enslavement (27)
 L - a wand of acid (6)
 O - a wand of flame (11)
 P - a wand of paralysis (6)
Scrolls
 i - 5 scrolls of fear
 k - 9 scrolls of magic mapping
 n - 10 scrolls of teleportation
 p - 9 scrolls of remove curse
 x - a scroll of amnesia
 z - 5 scrolls of fog
 C - 2 scrolls of enchant weapon
 D - 5 scrolls of blinking
 Q - 2 scrolls of summoning
Potions
 b - 4 potions of haste
 m - 4 potions of flight
 q - 9 potions of curing
 u - 2 potions of invisibility
 w - 4 potions of brilliance
 A - 4 potions of stabbing
 H - 3 potions of degeneration {unknown}
 U - a potion of ambrosia
Miscellaneous
 N - a lightning rod (4/4)
 T - a phantom mirror
Comestibles
 c - 39 rations
 v - 5 chunks of flesh


   Skills:
 * Level 18.8(23.8) Fighting
 + Level 15.3(20.3) Axes
 + Level 12.9(17.9) Armour
 * Level 15.5(20.5) Dodging
 - Level 1.5(6.5) Stealth
 + Level 12.7(17.7) Shields
 + Level 18.2 Invocations
 + Level 11.3 Evocations


You had 18 spell levels left.
You didn't know any spells.
Your spell library contained the following spells:

 Spells                   Type           Power        Failure   Level  Hunger
 Animate Skeleton         Necr           N/A          91%         1    ##.....
 Apportation              Tloc           #.....       91%         1    ##.....
 Beastly Appendage        Tmut           #.....       91%         1    ##.....
 Corona                   Hex            #......      91%         1    ##.....
 Magic Dart               Conj           #...         91%         1    ##.....
 Pain                     Necr           #...         91%         1    ##.....
 Summon Small Mammal      Summ           #...         91%         1    ##.....
 Blink                    Tloc           N/A          97%         2    ###....
 Call Imp                 Summ           #.......     97%         2    ###....
 Ensorcelled Hibernation  Hex/Ice        #.....       97%         2    ###....
 Slow                     Hex            #.......     97%         2    ###....
 Sticks to Snakes         Tmut           #.......     97%         2    ###....
 Call Canine Familiar     Summ           #.......     99%         3    ####...
 Confusing Touch          Hex            #.......     99%         3    ####...
 Conjure Flame            Conj/Fire      #.......     99%         3    ####...
 Dazzling Flash           Conj/Hex       #.....       99%         3    ####...
 Gell's Gravitas          Tloc           #.........   99%         3    ####...
 Mephitic Cloud           Conj/Pois/Air  #.......     99%         3    ####...
 Spider Form              Tmut/Pois      #.........   99%         3    ####...
 Summon Guardian Golem    Hex/Summ       #.......     99%         3    ####...
 Tukima's Dance           Hex            #.......     99%         3    ####...
 Vampiric Draining        Necr           #.........   99%         3    ####...
 Animate Dead             Necr           N/A          100%        4    #####..
 Ice Form                 Ice/Tmut       #.......     100%        4    #####..
 Petrify                  Tmut/Erth      #.......     100%        4    #####..
 Summon Ice Beast         Ice/Summ       #.......     100%        4    #####..
 Summon Lightning Spire   Summ/Air       #.......     100%        4    #####..
 Agony                    Necr           #.......     100%        5    ######.
 Blade Hands              Tmut           #.........   100%        5    ######.
 Bolt of Magma            Conj/Fire/Erth #.........   100%        5    ######.
 Iskenderun's Battlesphe  Conj/Chrm      #.......     100%        5    ######.
 Metabolic Englaciation   Hex/Ice        #.........   100%        5    ######.
 Yara's Violent Unravell  Hex/Tmut       #.........   100%        5    ######.
 Iron Shot                Conj/Erth      #.........   100%        6    #######
 Simulacrum               Ice/Necr       #.........   100%        6    #######
 Orb of Destruction       Conj           #.........   100%        7    #######
 Spellforged Servitor     Conj/Summ      #.........   100%        7    #######
 Shatter                  Erth           #.........   100%        9    #######


Dungeon Overview and Level Annotations

Branches:
Dungeon (15/15)            Temple (1/1) D:5            Lair (6/6) D:8
 Shoals (3/4) Lair:4        Snake (4/4) Lair:3        Slime (0/5) Lair:6
    Orc (2/2) D:9             Elf (0/3) Orc:2        Vaults (0/5) D:14
 Depths (0/5) D:15          Sewer (visited)           IceCv (visited)
Gauntlet (visited)

Altars:
Ashenzari
Cheibriados
Dithmenos
Elyvilon
Fedhas
Gozag
Hepliaklqana
Kikubaaqudgha
Makhleb
Nemelex Xobeh
Okawaru
Qazlal
Ru
Sif Muna
Trog
Uskayaw
Vehumet
Wu Jian
Xom
Yredelemnul
Zin
The Shining One
Jiyva

Shops:
Orc:2 }?*%   Shoals:1 *   Snake:2 *

Annotations:
D:6 1 runed translucent door
D:7 Prince Ribbit
Lair:5 exclusion: 3 oklob plants
Snake:4 4 exclusions


Innate Abilities, Weirdness & Mutations

You have a pair of small antennae on your head.
You are partially covered in molten scales. (AC +2)
You have supernaturally acute eyesight. (SInv)
You have an increased reservoir of magic. (+10% MP)


Message History

The silver javelin misses you. You block the merfolk's attack.
The merfolk siren hits you with a +0 spear.
* * * LOW HITPOINT WARNING * * *
You slice the alligator snapping turtle!!
The alligator snapping turtle is moderately wounded.
You slice the merfolk siren!!
You kill the merfolk siren!
Okawaru accepts your kill.
You block the alligator snapping turtle's attack.
You slice the alligator snapping turtle!!
The alligator snapping turtle is severely wounded.
The merfolk javelineer throws a silver javelin.
The silver javelin completely misses you.
The merfolk misses you.
You slash the alligator snapping turtle!
The alligator snapping turtle is severely wounded.
You slash the alligator snapping turtle!
The alligator snapping turtle is almost dead.
The alligator snapping turtle bites you!!
You die...

≈≈≈≈≈≈≈≈≈≈........≈≈≈≈≈
≈≈≈≈≈≈≈≈≈.....##...≈≈≈≈≈
≈≈≈≈≈≈≈≈≈.###..#....≈≈≈≈
.≈≈≈≈≈≈≈≈..##.≈≈≈≈≈≈≈≈≈≈
..≈≈≈≈≈≈≈≈..((≈.≈≈≈≈≈≈≈≈
..≈≈≈≈≈≈≈≈.(.≈..≈≈≈≈≈≈≈≈
≈≈≈≈≈≈≈≈≈≈.....)..≈≈≈≈≈≈
.)≈≈≈≈≈≈≈≈..(....≈..≈≈≈≈
.≈≈≈≈≈≈!≈...(...@≈m≈≈≈≈≈
≈≈≈≈≈≈≈≈≈.......)tm≈≈≈≈≈
≈≈≈≈≈≈≈≈≈.......≈≈≈≈≈≈≈≈
≈≈≈≈≈≈≈≈≈≈≈≈...≈≈≈≈≈≈≈≈≈
≈≈≈≈≈≈≈≈≈≈≈≈.)≈≈≈.≈≈≈≈≈≈
≈≈≈≈≈≈≈≈≈≈≈≈≈≈≈≈)≈≈≈≈≈≈≈
≈≈≈≈≈≈≈≈≈≈≈≈≈≈≈≈≈≈≈≈≈≈..
..≈≈≈≈≈≈≈≈≈≈≈≈≈....≈≈≈..
..≈≈≈≈≈≈≈≈≈≈≈≈≈≈.###.


You could see an alligator snapping turtle, a merfolk javelineer and a merfolk.

Vanquished Creatures
  Mara (Snake:4)
  Nikola (Snake:4)
  Jorgrun (Snake:1)
  The ghost of Qulide the Thaumaturge, an adept GnWz of Sif Muna (Snake:2)
  3 krakens (Shoals:3)
  Kirke (D:15)
  11 nagarajas
  Ilsuiw (Shoals:2)
  Frances (Snake:1)
  A fire giant (D:15)
  Louise (Snake:4)
  Aizul (Snake:1)
  A minotaur (Gauntlet)
  2 merfolk impalers (Shoals:1)
  A rakshasa (D:15)
  31 naga warriors
  9 hydras
  2 merfolk aquamancers (Shoals:1)
  A centaur warrior (D:15)
  2 merfolk avatars (Shoals:1)
  9 anacondas
  3 catoblepae
  3 death knights (D:15)
  4 death yaks (Lair:4)
  3 two-headed ogres
  3 shock serpents (Snake:4)
  3 tengu warriors (D:14)
  Nergalle (Lair:2)
  24 naga sharpshooters
  Sonja (D:12)
  A skeletal warrior (D:15)
  4 sea snakes
  An unseen horror (D:12)
  A salamander mystic (Snake:4)
  A deep elf archer (D:14)
  An obsidian statue (Snake:2)
  A glowing orange brain (Gauntlet)
  10 naga ritualists
  15 harpies
  A wolf spider zombie (D:13)
  3 orc sorcerers (Orc:1)
  8 ugly things
  5 orc knights
  9 mana vipers
  4 deep elf magi
  6 fauns
  5 manticores
  2 cyclopes
  6 elephants (Lair:6)
  6 guardian serpents (Snake:4)
  5 merfolk sirens
  20 naga magi
  Maurice (Orc:2)
  2 water nymphs
  9 salamanders
  A torpor snail (Lair:6)
  A molten gargoyle (Gauntlet)
  2 ice statues (IceCv)
  38 black mambas
  Joseph (D:7)
  2 gargoyles
  9 spiny frogs
  5 yaktaurs (D:14)
  7 komodo dragons
  2 rime drakes
  4 freezing wraiths (D:15)
  A kobold demonologist (D:13)
  8 ice devils (IceCv)
  2 efreet (D:15)
  The ghost of generaletaddeo the Chucker, a novice KoAM of Okawaru (D:6)
  A harpy zombie (D:15)
  4 tengu conjurers
  20 merfolk
  3 wind drakes
  5 trolls
  6 hippogriffs
  Grinder (D:4)
  9 polar bears (Lair:6)
  3 blink frogs (Lair:1)
  A meliai zombie (D:14)
  5 snapping turtles
  7 dream sheep
  A spriggan (Lair:6)
  A spriggan (shapeshifter) (D:13)
  7 water elementals
  5 wraiths
  33 yaks
  2 vampires
  4 wyverns
  6 basilisks
  3 hogs (D:15)
  5 vampire mosquitoes (D:15)
  A soldier ant (D:11)
  Edmund (D:6)
  9 wargs
  78 nagas
  10 water moccasins
  15 hell hounds (Lair:6)
  A floating eye (Lair:5)
  6 porcupines
  8 sky beasts
  12 ice beasts
  39 orc warriors
  6 ogres
  A boggart (D:14)
  4 phantoms
  13 black bears
  A necrophage (D:13)
  16 wolves (Lair:6)
  28 centaurs
  13 crocodiles
  Blork the orc (D:6)
  12 bullfrogs
  5 big kobolds
  A wyvern skeleton (D:13)
  7 scorpions
  A troll zombie (D:9)
  11 wights
  10 killer bees
  3 howler monkeys
  7 crimson imps
  3 centaur zombies
  6 jellies
  A quasit (D:9)
  9 hounds
  7 centaur skeletons
  17 orc priests
  24 orc wizards
  3 bullfrog skeletons
  6 iguanas
  Terence (D:2)
  13 hell rats (Lair:6)
  17 worker ants
  7 ogre zombies (D:9)
  4 hound zombies
  2 hound skeletons
  6 gnolls
  8 adders
  4 howler monkey skeletons
  A river rat (D:6)
  3 shadow imps
  11 white imps (IceCv)
  4 ufetubi (IceCv)
  13 oozes
  3 worms
  3 dart slugs
  16 leopard geckos
  89 orcs
  8 bats
  17 giant cockroaches
  5 goblins
  4 hobgoblins
  4 jackals (D:5)
  21 kobolds
  10 quokkas
  7 ball pythons (Sewer)
  6 frilled lizards (Sewer)
  A goblin skeleton (D:9)
  2 goblin zombies (D:9)
  3 hobgoblin skeletons (D:9)
  4 hobgoblin zombies (D:9)
  A jackal skeleton (D:4)
  A leopard gecko skeleton (D:7)
  15 orc zombies (D:9)
  3 rats (D:2)
  3 fungi
  4 plants
  8 tentacles (Shoals:3)
  A withered plant (Shoals:2)
1199 creatures vanquished.

Vanquished Creatures (others)
  3 nagarajas (Snake:4)
  A reaper (IceCv)
  A naga warrior (Snake:4)
  A merfolk aquamancer (Shoals:2)
  4 white imps (IceCv)
  2 ufetubi (IceCv)
  4 demonic plants (Gauntlet)
  10 fungi (Lair:6)
  11 plants (Lair:6)
  14 tentacles (Shoals:3)
51 creatures vanquished.

Grand Total: 1250 creatures vanquished

Notes
Turn   | Place    | Note
-------+----------+-------------------------------------------
     0 | D:1      | DerDa the Hill Orc Monk began the quest for the Orb.
     0 | D:1      | Reached XP level 1. HP: 19/19 MP: 1/1
   547 | D:1      | Reached XP level 2. HP: 26/27 MP: 2/2
  1002 | D:2      | Found an ornate altar of the Wu Jian Council.
  1168 | D:2      | Reached XP level 3. HP: 30/33 MP: 3/3
  1235 | D:2      | Reached skill level 1 in Armour
  1260 | D:2      | Found a blossoming altar of Fedhas.
  1261 | D:2      | Found a glowing silver altar of Zin.
  1261 | D:2      | Found a basalt altar of Yredelemnul.
  1295 | D:2      | Reached XP level 4. HP: 20/41 MP: 4/4
  1296 | D:2      | Found a burning altar of Makhleb.
  1631 | D:2      | Noticed Terence
  1660 | D:2      | Killed Terence
  1660 | D:2      | Reached skill level 1 in Shields
  1735 | D:2      | Found an ancient bone altar of Kikubaaqudgha.
  2072 | D:3      | Found a sacrificial altar of Ru.
  2131 | D:2      | Reached XP level 5. HP: 11/47 MP: 5/5
  2692 | D:3      | Reached skill level 5 in Fighting
  3011 | D:3      | Reached skill level 5 in Axes
  3360 | D:4      | Reached XP level 6. HP: 53/56 MP: 6/6
  3603 | D:4      | Noticed a phantom
  3620 | D:4      | Killed a phantom
  3689 | D:4      | Noticed a phantom
  3746 | D:4      | Killed a phantom
  3746 | D:4      | Reached XP level 7. HP: 25/62 MP: 7/7
  4481 | D:4      | Noticed Grinder
  4498 | D:4      | Killed Grinder
  4751 | D:5      | Entered Level 5 of the Dungeon
  4751 | D:5      | Found a shadowy altar of Dithmenos.
  4763 | D:5      | Reached XP level 8. HP: 44/71 MP: 8/8
  5222 | D:5      | Found a staircase to the Ecumenical Temple.
  5226 | Temple   | Entered the Ecumenical Temple
  5243 | Temple   | Became a worshipper of Warmaster Okawaru
  5243 | Temple   | Reached * piety under Okawaru
  5243 | Temple   | Reached ** piety under Okawaru
  5461 | D:5      | Reached skill level 5 in Dodging
  5560 | D:6      | Found a shimmering altar of Xom.
  5622 | D:6      | Found a runed translucent door.
  5622 | D:6      | Noticed generaletaddeo's ghost (novice KoAM)
  5671 | D:6      | Noticed Blork the orc
  5682 | D:6      | Killed Blork the orc
  5754 | D:6      | Found a glowing drain.
  5759 | Sewer    | Entered a sewer
  5858 | Sewer    | Reached skill level 1 in Invocations
  6174 | Sewer    | Reached skill level 1 in Evocations
  6601 | D:6      | Reached XP level 9. HP: 81/81 MP: 10/10
  6606 | D:6      | Found a runed translucent door.
  6657 | D:6      | Killed generaletaddeo's ghost
  6657 | D:6      | Reached *** piety under Okawaru
  6889 | D:6      | Noticed Edmund
  6908 | D:6      | Killed Edmund
  7027 | D:6      | Found a shattered altar of Ashenzari.
  7319 | D:7      | Gained mutation: You are occasionally teleported next to
                  | monsters. [potion of mutation]
  7319 | D:7      | Gained mutation: You are partially covered in yellow
                  | scales. (AC +2) [potion of mutation]
  7327 | D:7      | Reached skill level 5 in Armour
  7348 | D:7      | HP: 5/123 [killer bee (6)]
  7353 | D:7      | HP: 5/123 [poisoned by a killer bee]
  7360 | D:7      | HP: 5/123 [poisoned by a killer bee]
  7935 | D:7      | You fall into a shaft and drop 3 floors!
  7935 | D:10     | Entered Level 10 of the Dungeon
  7974 | D:10     | Reached **** piety under Okawaru
  8132 | D:10     | Reached XP level 10. HP: 80/91 MP: 12/12
  8147 | D:9      | Reached skill level 5 in Shields
  8294 | D:9      | Lost mutation: You are partially covered in yellow scales.
                  | (AC +2) [potion of mutation]
  8294 | D:9      | Lost mutation: You are occasionally teleported next to
                  | monsters. [potion of mutation]
  8294 | D:9      | Gained mutation: You have supernaturally acute eyesight.
                  | (SInv) [potion of mutation]
  8294 | D:9      | Gained mutation: You have an increased reservoir of magic.
                  | (+10% MP) [potion of mutation]
  8294 | D:9      | Gained mutation: You have a pair of small antennae on your
                  | head. [potion of mutation]
  8294 | D:9      | Gained mutation: You are partially covered in molten
                  | scales. (AC +2) [potion of mutation]
  8712 | D:8      | Identified a scroll of acquirement
  8957 | D:7      | Reached ***** piety under Okawaru
  9254 | D:7      | Noticed Prince Ribbit
  9402 | D:7      | Noticed Joseph
  9422 | D:7      | Killed Joseph
  9959 | D:8      | Found a sparkling altar of Nemelex Xobeh.
 10003 | D:8      | Found a staircase to the Lair.
 10042 | D:8      | Acquired a manual of Invocations
 10077 | D:9      | Found a staircase to the Orcish Mines.
 10125 | D:9      | Reached skill level 5 in Invocations
 10484 | D:9      | Reached skill level 10 in Fighting
 11013 | D:9      | Found a radiant altar of Vehumet.
 11177 | D:9      | Found an opulent altar of Gozag.
 11342 | D:10     | Reached XP level 11. HP: 90/101 MP: 17/17
 12723 | D:11     | Noticed a brown ugly thing
 12743 | D:11     | Killed a brown ugly thing
 12771 | D:11     | Received a gift from Okawaru
 13232 | D:11     | Noticed a cyan ugly thing
 13246 | D:11     | Killed a cyan ugly thing
 14075 | D:11     | Noticed a six-headed hydra
 14084 | D:11     | Killed a six-headed hydra
 14282 | Lair:1   | Entered Level 1 of the Lair of Beasts
 14282 | Lair:1   | Found a gate leading to a gauntlet.
 14309 | Gauntlet | Entered a Gauntlet
 14309 | Gauntlet | Found a transporter.
 14309 | Gauntlet | Noticed a red ugly thing
 14326 | Gauntlet | Noticed a glowing orange brain
 14340 | Gauntlet | Noticed a glowing orange brain
 14372 | Gauntlet | Found a transporter.
 14387 | Gauntlet | Noticed a catoblepas
 14392 | Gauntlet | Found a transporter.
 14392 | Gauntlet | Found a transporter.
 14395 | Gauntlet | Noticed a brown ugly thing
 14412 | Gauntlet | Found a transporter.
 14422 | Gauntlet | Found a transporter.
 14438 | Gauntlet | Found a transporter.
 14438 | Gauntlet | Noticed an obsidian statue
 14459 | Gauntlet | Found a transporter.
 14459 | Gauntlet | Found a transporter.
 14465 | Gauntlet | Noticed a thrashing horror
 14465 | Gauntlet | Noticed a thrashing horror
 14467 | Gauntlet | Found a transporter.
 14490 | Gauntlet | Found a transporter.
 14494 | Gauntlet | Found a transporter.
 14522 | Gauntlet | Noticed a glowing orange brain
 14567 | Gauntlet | Killed a catoblepas
 14571 | Gauntlet | Reached skill level 5 in Evocations
 14703 | Gauntlet | Got a pair of translucent gloves
 14713 | Gauntlet | Identified the +0 pair of gloves of Baldness {rPois} (You
                  | found it in a Gauntlet)
 14739 | Gauntlet | Killed a brown ugly thing
 14748 | Gauntlet | Killed a glowing orange brain
 14748 | Gauntlet | Reached XP level 12. HP: 93/110 MP: 18/20
 14812 | Gauntlet | Got a twitching platinum ring
 14824 | Gauntlet | Identified the ring of Sunlight {rPois Slay+2} (You found
                  | it in a Gauntlet)
 14829 | Gauntlet | Identified the +7 war axe of Woatt {vorpal, +Inv rPois rN+
                  | SInv}
 14829 | Gauntlet | Noticed a minotaur
 14858 | Gauntlet | HP: 4/110 [minotaur/the +7 war axe of Woatt {vorpal, +Inv
                  | rPois rN+ SInv} (6)]
 14867 | Gauntlet | Killed a minotaur
 14880 | Gauntlet | Identified the Guide on Sinister Secrets and Clay
 15674 | Lair:1   | Noticed a four-headed hydra
 15692 | Lair:1   | Killed a four-headed hydra
 16013 | Lair:1   | Received a gift from Okawaru
 16784 | Lair:2   | Reached skill level 10 in Axes
 16959 | Lair:2   | Noticed Nergalle
 16968 | Lair:2   | Killed Nergalle
 17575 | Lair:3   | Reached skill level 10 in Invocations
 17671 | Lair:3   | Noticed a five-headed hydra
 17679 | Lair:3   | Killed a five-headed hydra
 17679 | Lair:3   | Received a gift from Okawaru
 17724 | Lair:3   | Found a staircase to the Snake Pit.
 18283 | Lair:4   | Got a pair of slimy gloves
 18293 | Lair:4   | Identified the +2 pair of gloves of Fanaticism {rC+ MR+
                  | Int-5 Slay+3} (You found it on level 4 of the Lair of
                  | Beasts)
 18451 | Lair:4   | Reached XP level 13. HP: 119/119 MP: 23/23
 18730 | Lair:4   | Found a staircase to the Shoals.
 18742 | Lair:4   | Reached ****** piety under Okawaru
 19573 | Lair:5   | Paralysed by a floating eye for 3 turns
 20248 | Lair:6   | Entered Level 6 of the Lair of Beasts
 20347 | Lair:6   | Received a gift from Okawaru
 20477 | Lair:6   | Reached skill level 10 in Dodging
 20837 | Lair:6   | Received a gift from Okawaru
 21150 | Lair:6   | Reached XP level 14. HP: 127/130 MP: 25/25
 21401 | Lair:6   | Received a gift from Okawaru
 21538 | Lair:6   | Found a runed translucent door.
 21539 | Lair:6   | Found a viscous altar of Jiyva.
 21547 | Lair:6   | Found a staircase to the Slime Pits.
 22229 | Orc:1    | Entered Level 1 of the Orcish Mines
 23002 | Orc:2    | Entered Level 2 of the Orcish Mines
 23565 | Orc:2    | Found a staircase to the Elven Halls.
 23593 | Orc:2    | Found Elizxiwn's Magic Scroll Shoppe.
 23593 | Orc:2    | Found Gavuutang's Assorted Antiques.
 23601 | Orc:2    | Found Xyaf's Food Shop.
 23603 | Orc:2    | Found Coteutou's Gadget Emporium.
 23611 | Orc:2    | Bought a scroll of identify for 30 gold pieces
 23611 | Orc:2    | Bought a scroll of identify for 30 gold pieces
 23611 | Orc:2    | Bought a scroll of magic mapping for 52 gold pieces
 23611 | Orc:2    | Bought a scroll of identify for 30 gold pieces
 23611 | Orc:2    | Bought a scroll of acquirement for 780 gold pieces
 23622 | Orc:2    | Noticed Maurice
 23635 | Orc:2    | Killed Maurice
 23638 | Orc:2    | Acquired the amulet "Onimiph" {Faith rPois Str+4 Int-5
                  | Dex+4}
 24475 | D:12     | Noticed Sonja
 24487 | D:12     | Killed Sonja
 25312 | D:13     | Reached XP level 15. HP: 137/139 MP: 27/27
 25347 | D:13     | Reached skill level 10 in Armour
 25708 | D:13     | Acquired a manual of Dodging
 25749 | D:14     | Found a shimmering blue altar of Sif Muna.
 25759 | D:14     | Received a gift from Okawaru
 25828 | D:14     | Reached skill level 15 in Fighting
 26257 | D:14     | Reached skill level 10 in Shields
 26562 | D:14     | Found a gate to the Vaults.
 26721 | D:15     | Entered Level 15 of the Dungeon
 26765 | D:15     | Received a gift from Okawaru
 26794 | D:15     | Noticed Kirke
 26804 | D:15     | Noticed a sphinx
 26809 | D:15     | Killed Kirke
 26871 | D:15     | Found a frozen archway.
 26935 | IceCv    | Entered an ice cave
 27035 | IceCv    | Got a pair of steaming gloves
 27323 | D:15     | Identified the cursed +0 pair of gloves "Taoreiw" {Dex+4}
                  | (You found it in an ice cave)
 27854 | D:15     | Found a staircase to the Depths.
 27854 | D:15     | Noticed a fire giant
 28086 | D:15     | Killed a fire giant
 28171 | D:15     | Received a gift from Okawaru
 28707 | D:15     | Reached XP level 16. HP: 151/151 MP: 29/29
 29266 | Snake:1  | Entered Level 1 of the Snake Pit
 29292 | Snake:1  | You fall into a shaft and drop 1 floor!
 29461 | Snake:2  | Reached skill level 15 in Invocations
 29828 | Snake:2  | Found a runed translucent gate.
 29828 | Snake:2  | Found a runed translucent gate.
 29828 | Snake:2  | Found an opulent altar of Gozag.
 29828 | Snake:2  | Found a runed translucent gate.
 29828 | Snake:2  | Noticed Qulide's ghost (adept GnWz)
 29829 | Snake:2  | Noticed a nagaraja
 29829 | Snake:2  | Noticed a nagaraja
 29830 | Snake:2  | Found Jeliaqol's Assorted Antiques.
 30493 | Snake:1  | Noticed Frances
 30512 | Snake:1  | Killed Frances
 30681 | Snake:1  | Noticed Jorgrun
 30696 | Snake:1  | Killed Jorgrun
 30810 | Snake:1  | Received a gift from Okawaru
 30813 | Snake:1  | Got a shimmering scale mail {god gift}
 30823 | Snake:1  | Identified the +2 scale mail "Lukhic" {rC+ Int+2} (Okawaru
                  | gifted it to you on level 1 of the Snake Pit)
 31437 | Snake:1  | Noticed Aizul
 31462 | Snake:1  | Killed Aizul
 31705 | Snake:2  | Killed a nagaraja
 31717 | Snake:2  | Killed Qulide's ghost
 31732 | Snake:2  | Killed a nagaraja
 31918 | Snake:2  | Bought a red potion for 31 gold pieces
 31918 | Snake:2  | Bought a shimmering brass amulet for 175 gold pieces
 31918 | Snake:2  | Bought a scroll of identify for 70 gold pieces
 31918 | Snake:2  | Bought a glowing red potion for 31 gold pieces
 31918 | Snake:2  | Bought a scroll of identify for 70 gold pieces
 31920 | Snake:2  | Identified the amulet of Red Wine {Reflect rF+ rC- Dex+3
                  | SH+5 Stlth+} (You bought it in a shop on level 2 of the
                  | Snake Pit)
 31961 | Snake:3  | Received a gift from Okawaru
 32200 | Snake:3  | Reached XP level 17. HP: 127/160 MP: 31/31
 32733 | Snake:3  | Reached skill level 10 in Evocations
 32750 | Snake:3  | Received a gift from Okawaru
 33188 | Snake:4  | Entered Level 4 of the Snake Pit
 33543 | Snake:4  | Noticed Louise
 33565 | Snake:4  | Killed Louise
 33569 | Snake:4  | Received a gift from Okawaru
 34697 | Snake:4  | Noticed Mara
 34718 | Snake:4  | Noticed DerDa's illusion
 34718 | Snake:4  | Killed Mara
 34761 | Snake:4  | Received a gift from Okawaru
 34826 | Snake:4  | Reached XP level 18. HP: 75/171 MP: 33/33
 35202 | Snake:4  | Received a gift from Okawaru
 35256 | Snake:4  | Reached skill level 15 in Dodging
 35265 | Snake:4  | Got a serpentine rune of Zot
 35549 | Snake:4  | Noticed Nikola
 35601 | Snake:4  | Killed Nikola
 35601 | Snake:4  | Received a gift from Okawaru
 36832 | Shoals:1 | Entered Level 1 of the Shoals
 36902 | Shoals:1 | Found Uschu's Assorted Antiques.
 36959 | Shoals:1 | Bought a bound granite ring for 190 gold pieces
 36962 | Shoals:1 | Identified the ring of Elyojun {*Slow rElec rN+ Str+6
                  | Stlth-} (You bought it in a shop on level 1 of the Shoals)
 37245 | Shoals:1 | Reached skill level 15 in Axes
 37480 | Shoals:1 | Got a polished chain mail
 37490 | Shoals:1 | Identified the +3 chain mail "Ostirpha" {rPois Dex+4} (You
                  | found it on level 1 of the Shoals)
 38164 | Shoals:2 | Noticed Ilsuiw
 38194 | Shoals:2 | Killed Ilsuiw
 38194 | Shoals:2 | Received a gift from Okawaru
 38194 | Shoals:2 | Reached XP level 19. HP: 173/180 MP: 35/35
 38197 | Shoals:2 | Got a masterwork kite shield {god gift}
 38207 | Shoals:2 | Identified the +0 kite shield "Utune" {MP+9 Str+4} (Okawaru
                  | gifted it to you on level 2 of the Shoals)
 39542 | Shoals:3 | Slain by an alligator snapping turtle

Illustrated notes

Levels and vault maps discovered:
D:1:      dpeg_arrival_signposts, layout_basic, serial_glass, glass_columns_b,
          glass_columns_a
D:2:      layout_loops_cross, chequers_temple_overflow_statue_of_worship,
          makhleb_heckhound_becter, marbit_many_paths, lemuel_statue_altar,
          uniq_terence
D:3:      layout_rooms, hangedman_ru_absence, first_ration
D:4:      layout_basic, uniq_grinder
D:5:      layout_rooms, lemuel_crystal_altar, minmay_temple_entry_glassed_door,
          columned_hall_lemuel
D:6:      layout_loops_ring, nicolae_overflow_crystal_walls, ashenzari_altar_1,
          ebering_ghost_sewer_f, gup_sewer_entry_bowl, uniq_edmund,
          uniq_blork_the_orc
D:7:      layout_basic, uniq_prince_ribbit1, uniq_joseph
D:8:      layout_rooms, nemelex_xobeh_ov_fountains_minmay, lair_entry_dummy
D:9:      layout_basic, nicolae_gozag_seed_capital, vehumet_altar_wand_db,
          zombieorc2_lemuel
D:10:     layout_loops_corners
D:11:     layout_roguey
D:12:     layout_basic, hangedman_fish_farm, grunt_decor_mini_mirrors,
          uniq_sonja
D:13:     layout_rooms
D:14:     layout_cave_pools, hangedman_vaults_entry_quadrant_bands,
          minmay_staircase_statues, serial_column_ruins,
          column_ruins_open_small, column_ruins_columns_corner,
          column_ruins_open_small, lemuel_tele_altar
D:15:     grunt_enter_depths_giant_problem, layout_loops_corners,
          portal_ice_cave_entry_ice_beasts, palyth_stone_intersect, minmay_bent,
          uniq_kirke
Temple:   zaba_magenta_temple
Lair:1:   layout_roguey, gauntlet_entry_generic, serial_bayou_shore_a,
          grunt_megastairs_2
Lair:2:   layout_chaotic_city, uniq_nergalle
Lair:3:   layout_gridlike, minmay_snake_entry_guardpost_medium
Lair:4:   layout_layer_cave, minmay_shoals_entry_beasts, serial_bayou_shore_b
Lair:5:   layout_regular_city, serial_forest, infiniplex_forest_end_1,
          infiniplex_forest_lined_3, infiniplex_forest_corner_2,
          infiniplex_forest_clump_double, infiniplex_forest_end_1,
          infiniplex_forest_lined_1, infiniplex_forest_clump_long,
          infiniplex_forest_straight_2, infiniplex_forest_clump_long,
          infiniplex_forest_lined_3, disabler_island
Lair:6:   hangedman_lair_caniforms_friends, layout_regular_city, slime_altar_2,
          grunt_forest_large_clearing_hut
Shoals:1: layout_shoals, serial_shops, nicolae_shop_stone,
          nicolae_shoals_stone_sculpture_thing
Shoals:2: layout_shoals, argonaut_gorgonesque, uniq_ilsuiw
Shoals:3: layout_shoals, nicolae_shoals_kraken_intersection
Snake:1:  layout_misc_corridors, uniq_frances, uniq_jorgrun, uniq_aizul
Snake:2:  layout_chambers, ebering_ghost_gozag
Snake:3:  layout_onion_interference
Snake:4:  grunt_snake_rune_spirals, layout_onion_interference,
          grunt_ministairs_8, uniq_nikola, uniq_mara, uniq_louise
Orc:1:    layout_caves
Orc:2:    st_orc_rangers, layout_diamond_mine, uniq_maurice

Skill      XL: |  1  2  3  4  5  6  7  8  9 10 11 12 13 14 15 16 17 18 |
---------------+-------------------------------------------------------+-----
Fighting       | 4 5 6 7 9 10 11 12 13 14 15 16 17 18 | 18.8
Armour         | 1 2 3 4 5 6 7 8 9 10 11 12 | 12.9
Dodging        | 3 4 5 6 7 8 9 10 11 12 13 14 15 | 15.5
Shields        | 1 2 3 4 5 6 7 8 9 10 11 12 | 12.7
Axes           | 5 6 7 8 9 10 11 12 13 14 15 | 15.3
Invocations    | 1 3 6 8 10 12 13 14 16 17 18 | 18.2
Evocations     | 1 2 4 5 6 7 8 9 10 11 | 11.3
Stealth        | |  1.5

Action                   |  1- 3 |  4- 6 |  7- 9 | 10-12 | 13-15 | 16-18 | 19-21 || total
-------------------------+-------+-------+-------+-------+-------+-------+-------++-------
Melee: Hand axe          |   102 |   132 |       |       |       |       |       ||   234
       War axe           |       |    77 |   608 |   894 |  1034 |  1056 |   187 ||  3856
       Demon whip        |       |       |       |    27 |    49 |       |       ||    76
 Fire: Fustibalus        |       |       |       |       |    42 |       |       ||    42
Invok: Heroism           |       |       |     2 |     7 |     1 |     9 |     1 ||    20
       Finesse           |       |       |       |     3 |       |     2 |     1 ||     6
Evoke: Lightning rod     |       |       |       |     3 |       |       |       ||     3
       Wand              |       |       |       |     1 |       |       |       ||     1
  Use: Scroll            |       |       |     6 |    13 |    13 |     9 |       ||    41
       Potion            |       |       |     6 |     4 |       |       |     1 ||    11
 Stab: Petrified         |       |       |       |       |     7 |       |     3 ||    10
       Petrifying        |       |       |       |       |       |       |     1 ||     1
  Eat: Chunk             |     1 |     8 |    13 |    20 |    33 |    22 |     5 ||   102
       Ration            |       |       |     1 |     4 |       |     3 |       ||     8
Armor: Scale mail        |    65 |    78 |   242 |   238 |       |       |       ||   623
       Robe              |     1 |       |       |       |       |       |       ||     1
       Skin              |       |       |    47 |       |       |       |       ||    47
       Quicksilver drago |       |       |       |    51 |   262 |   155 |    62 ||   530
       Plate armour      |       |       |       |       |     3 |       |       ||     3
Dodge: Dodged            |    64 |   103 |   329 |   418 |   337 |   338 |   126 ||  1715
       Repelled          |       |       |       |       |    12 |       |       ||    12
Block: Buckler           |     2 |    47 |   160 |    44 |       |       |       ||   253
       Kite shield       |       |       |       |   314 |       |       |       ||   314
       Tower shield      |       |       |       |   185 |  1212 |  1407 |   325 ||  3129
       Reflection        |       |       |       |     2 |   101 |   264 |    23 ||   390
